PL
PORTLAND EVERGREENS @ ST. LOUIS COEUR
09/23/2042
 
TOP OF THE 1ST
Portland Evergreens batting - Pitching for St. Louis Coeur : RHP Eric Matson
Pitching: RHP Eric Matson
Batting: RHB Richard Jost 0-0: SINGLE (Line Drive, 89M, EV 91.2 MPH)
Batting: LHB Fernando Soto 0-0: Ball
1-0: Fly out, F9 (Flyball, 9LM, EV 98.1 MPH)
Batting: RHB Kameron Guangorena 0-0: Called Strike
0-1: Ball
1-1: SINGLE (Line Drive, 5D, EV 96.9 MPH)
Richard Jost to second
Batting: SHB Tetsu Matsumoto 0-0: Called Strike
0-1: Ball
1-1: Ball
2-1: Called Strike
2-2: Fly out, F7 (Flyball, 7D, EV 85.6 MPH)
Batting: LHB Vicente Gomillion 0-0: Foul Ball, location: 2F
0-1: Called Strike
0-2: Strikes out looking
Top of the 1st over - 0 runs, 2 hits, 0 errors, 2 left on base; Portland 0 - St. Louis 0
BOTTOM OF THE 1ST
St. Louis Coeur batting - Pitching for Portland Evergreens : RHP Zaki Fakhiri
Pitching: RHP Zaki Fakhiri
Batting: RHB Nobuhisa Murakami 0-0: Called Strike
0-1: Ball
1-1: Ground out 5-3 (Groundball, 5S, EV 90.0 MPH)
Batting: LHB Harry Cornelis 0-0: Called Strike
0-1: Ball
1-1: Fly out, F5 (Popup, 56S, EV 63.8 MPH)
Batting: LHB Qing-nian Zexian 0-0: Ball
1-0: Ball
2-0: Foul Ball, location: 2F
2-1: Ball
3-1: SOLO HOME RUN (Flyball, 7D, EV 104.4 MPH), Distance : 385 ft
Batting: RHB Jaime Soto 0-0: Ball
1-0: Foul Ball, location: 2F
1-1: Ball
2-1: Ground out 5-3 (Groundball, 56, EV 104.4 MPH)
Bottom of the 1st over - 1 run, 1 hit, 0 errors, 0 left on base; Portland 0 - St. Louis 1
TOP OF THE 2ND
Portland Evergreens batting - Pitching for St. Louis Coeur : RHP Eric Matson
Batting: SHB Yosuke Daisen 0-0: Fly out, F9 (Flyball, 89M, EV 92.5 MPH)
Batting: RHB David Milliken 0-0: Fly out, F7 (Flyball, 7S, EV 93.8 MPH)
Batting: RHB Dylan Stavely 0-0: Called Strike
0-1: Ball
1-1: Swinging Strike
1-2: Ball
2-2: Foul Ball, location: 2F
2-2: Strikes out swinging
Top of the 2nd over - 0 runs, 0 hits, 0 errors, 0 left on base; Portland 0 - St. Louis 1
BOTTOM OF THE 2ND
St. Louis Coeur batting - Pitching for Portland Evergreens : RHP Zaki Fakhiri
Batting: LHB Jae-seop Byeon 0-0: Called Strike
0-1: Fly out, F6 (Popup, 6, EV 55.0 MPH)
Batting: RHB Guillermo Coss 0-0: Called Strike
0-1: Fly out, F7 (Flyball, 7S, EV 98.1 MPH)
Batting: RHB Joel Iyiegbuniwe 0-0: Ball
1-0: Swinging Strike
1-1: Hit by Pitch
Batting: RHB Ik-jun Cho 0-0: Ball
1-0: Foul Ball, location: 2F
1-1: Fielders Choice at 2nd, 6-4 (Groundball, 6, EV 79.4 MPH)
Bottom of the 2nd over - 0 runs, 0 hits, 0 errors, 1 left on base; Portland 0 - St. Louis 1
TOP OF THE 3RD
Portland Evergreens batting - Pitching for St. Louis Coeur : RHP Eric Matson
Batting: RHB Gabriel Luzuriaga 0-0: Ball
1-0: Swinging Strike
1-1: Called Strike
1-2: Strikes out looking
Batting: RHB Richard Jost 0-0: Called Strike
0-1: Foul Ball, location: 2F
0-2: Ball
1-2: Ball
2-2: Strikes out swinging
Batting: LHB Fernando Soto 0-0: Ball
1-0: Ball
2-0: SINGLE (Flyball, 9S, EV 94.4 MPH)
Batting: RHB Kameron Guangorena 0-0: Called Strike
0-1: Swinging Strike
0-2: Strikes out looking
Top of the 3rd over - 0 runs, 1 hit, 0 errors, 1 left on base; Portland 0 - St. Louis 1
BOTTOM OF THE 3RD
St. Louis Coeur batting - Pitching for Portland Evergreens : RHP Zaki Fakhiri
Batting: LHB Pedro Marrero 0-0: Ball
1-0: Ball
2-0: SINGLE (Groundball, 6D, EV 93.8 MPH)
Batting: RHB Nobuhisa Murakami 0-0: Called Strike
0-1: Ball
1-1: Ball
2-1: SINGLE (Line Drive, 7LS, EV 98.1 MPH)
Pedro Marrero to second
Batting: LHB Harry Cornelis 0-0: Fielders Choice at 2nd, 3-6 (Groundball, 34S, EV 89.4 MPH)
Pedro Marrero to third
Batting: LHB Qing-nian Zexian 0-0: Foul Ball, location: 2F
0-1: Ball
1-1: Fly out, F7 (Line Drive, 7, EV 85.6 MPH)
Runner from 3rd tags up, OUT at HOME! 7-2
Bottom of the 3rd over - 0 runs, 2 hits, 0 errors, 1 left on base; Portland 0 - St. Louis 1
TOP OF THE 4TH
Portland Evergreens batting - Pitching for St. Louis Coeur : RHP Eric Matson
Batting: SHB Tetsu Matsumoto 0-0: Foul Ball, location: 2F
0-1: DOUBLE (Flyball, 78D, EV 93.8 MPH)
Batting: LHB Vicente Gomillion 0-0: Ball
1-0: Fly out, F8 (Flyball, 8RD, EV 87.5 MPH)
Batting: SHB Yosuke Daisen 0-0: Ball
1-0: Fly out, F8 (Flyball, 8RS, EV 80.6 MPH)
Batting: RHB David Milliken 0-0: Ball
1-0: Ball
2-0: Ground out 5-3 (Groundball, 5L, EV 103.1 MPH)
Top of the 4th over - 0 runs, 1 hit, 0 errors, 1 left on base; Portland 0 - St. Louis 1
BOTTOM OF THE 4TH
St. Louis Coeur batting - Pitching for Portland Evergreens : RHP Zaki Fakhiri
Batting: RHB Jaime Soto 0-0: Swinging Strike
0-1: Ball
1-1: Ball
2-1: Ground out 6-3 (Groundball, 4M, EV 81.2 MPH)
Batting: LHB Jae-seop Byeon 0-0: Ball
1-0: Foul Ball, location: 2F
1-1: Ball
2-1: Swinging Strike
2-2: Ball
3-2: Foul Ball, location: 2F
3-2: Strikes out swinging
Batting: RHB Guillermo Coss 0-0: Called Strike
0-1: Ball
1-1: Ground out 4-3 (Groundball, 4, EV 103.1 MPH)
Bottom of the 4th over - 0 runs, 0 hits, 0 errors, 0 left on base; Portland 0 - St. Louis 1
TOP OF THE 5TH
Portland Evergreens batting - Pitching for St. Louis Coeur : RHP Eric Matson
Batting: RHB Dylan Stavely 0-0: Fly out, F8 (Line Drive, 8LD, EV 87.5 MPH)
Batting: RHB Gabriel Luzuriaga 0-0: Called Strike
0-1: Called Strike
0-2: Strikes out swinging
Batting: RHB Richard Jost 0-0: Ball
1-0: Foul Ball, location: 2F
1-1: Foul Ball, location: 2F
1-2: Strikes out swinging
Top of the 5th over - 0 runs, 0 hits, 0 errors, 0 left on base; Portland 0 - St. Louis 1
BOTTOM OF THE 5TH
St. Louis Coeur batting - Pitching for Portland Evergreens : RHP Zaki Fakhiri
Batting: RHB Joel Iyiegbuniwe 0-0: Foul Ball, location: 2F
0-1: Foul Ball, location: 2F
0-2: Ball
1-2: Ground out 4-3 (Groundball, 34, EV 89.4 MPH)
Batting: RHB Ik-jun Cho 0-0: Ball
1-0: Ball
2-0: Ball
3-0: Called Strike
3-1: Fly out, F9 (Flyball, 9D, EV 93.8 MPH)
Batting: LHB Pedro Marrero 0-0: Ball
1-0: Ball
2-0: Fly out, F6 (Popup, 6M, EV 58.8 MPH)
Bottom of the 5th over - 0 runs, 0 hits, 0 errors, 0 left on base; Portland 0 - St. Louis 1
TOP OF THE 6TH
Portland Evergreens batting - Pitching for St. Louis Coeur : RHP Eric Matson
Batting: LHB Fernando Soto 0-0: Called Strike
0-1: Ball
1-1: Called Strike
1-2: Ball
2-2: Strikes out swinging, 2-3 out at first.
Batting: RHB Kameron Guangorena 0-0: Called Strike
0-1: Ball
1-1: Swinging Strike
1-2: Strikes out looking
Batting: SHB Tetsu Matsumoto 0-0: Called Strike
0-1: Ball
1-1: Swinging Strike
1-2: Strikes out swinging
Top of the 6th over - 0 runs, 0 hits, 0 errors, 0 left on base; Portland 0 - St. Louis 1
BOTTOM OF THE 6TH
St. Louis Coeur batting - Pitching for Portland Evergreens : RHP Zaki Fakhiri
Batting: RHB Nobuhisa Murakami 0-0: Ball
1-0: SOLO HOME RUN (Flyball, 7D, EV 94.4 MPH), Distance : 390 ft
Batting: LHB Harry Cornelis 0-0: Ground out 5-3 (Groundball, 56, EV 100.6 MPH)
Batting: LHB Qing-nian Zexian 0-0: Ball
1-0: Fly out, F7 (Flyball, 7S, EV 90.0 MPH)
Batting: RHB Jaime Soto 0-0: Ball
1-0: Ball
2-0: Called Strike
2-1: Swinging Strike
2-2: Fly out, F3 (Line Drive, 3, EV 65.0 MPH)
Bottom of the 6th over - 1 run, 1 hit, 0 errors, 0 left on base; Portland 0 - St. Louis 2
TOP OF THE 7TH
Portland Evergreens batting - Pitching for St. Louis Coeur : RHP Eric Matson
Batting: LHB Vicente Gomillion 0-0: Called Strike
0-1: Ball
1-1: Called Strike
1-2: Ball
2-2: Ball
3-2: Foul Ball, location: 2F
3-2: Strikes out swinging
Batting: SHB Yosuke Daisen 0-0: Ball
1-0: Ball
2-0: DOUBLE (Line Drive, 3D, EV 106.2 MPH)
Batting: RHB David Milliken 0-0: Called Strike
0-1: Foul Ball, location: 2F
0-2: Ball
1-2: Foul Ball, location: 2F
1-2: Ball
2-2: Foul Ball, location: 2F
2-2: Ground out 6-3 (Groundball, 6MS, EV 75.0 MPH)
Yosuke Daisen to third
Batting: RHB Dylan Stavely 0-0: Ball
1-0: Called Strike
1-1: DOUBLE (Flyball, 8LXD, EV 105.0 MPH)
Yosuke Daisen scores
Pitching: RHP Marcel Bloemheuvel
Pinch Hitting: LHB Leonid Machehin 0-0: Called Strike
0-1: Foul Ball, location: 2F
0-2: Strikes out swinging
Top of the 7th over - 1 run, 2 hits, 0 errors, 1 left on base; Portland 1 - St. Louis 2
BOTTOM OF THE 7TH
St. Louis Coeur batting - Pitching for Portland Evergreens : RHP Zaki Fakhiri
Now at SS: Orlando Samundio
Batting: LHB Jae-seop Byeon 0-0: Ball
1-0: Swinging Strike
1-1: Ball
2-1: Foul Ball, location: 2F
2-2: Strikes out swinging
Pitching: RHP Tom Peņa
Batting: RHB Guillermo Coss 0-0: Called Strike
0-1: Called Strike
0-2: Ball
1-2: Fly out, F9 (Line Drive, 9D, EV 90.0 MPH)
Batting: RHB Joel Iyiegbuniwe 0-0: Called Strike
0-1: Foul Ball, location: 2F
0-2: Ball
1-2: Foul Ball, location: 2F
1-2: Ball
2-2: Strikes out swinging
Bottom of the 7th over - 0 runs, 0 hits, 0 errors, 0 left on base; Portland 1 - St. Louis 2
TOP OF THE 8TH
Portland Evergreens batting - Pitching for St. Louis Coeur : RHP Marcel Bloemheuvel
Batting: RHB Richard Jost 0-0: Foul Ball, location: 2F
0-1: Foul Ball, location: 2F
0-2: Strikes out swinging
Batting: LHB Fernando Soto 0-0: Ball
1-0: Ball
2-0: Swinging Strike
2-1: Foul Ball, location: 2F
2-2: Fly out, F9 (Flyball, 89D, EV 105.6 MPH)
Batting: RHB Kameron Guangorena 0-0: Ball
1-0: Fly out, F8 (Line Drive, 8LD, EV 93.1 MPH)
Top of the 8th over - 0 runs, 0 hits, 0 errors, 0 left on base; Portland 1 - St. Louis 2
BOTTOM OF THE 8TH
St. Louis Coeur batting - Pitching for Portland Evergreens : RHP Tom Peņa
Batting: RHB Ik-jun Cho 0-0: Fly out, F9 (Flyball, 9S, EV 89.4 MPH)
Batting: LHB Pedro Marrero 0-0: Called Strike
0-1: Ball
1-1: Foul Ball, location: 2F
1-2: Strikes out swinging
Batting: RHB Nobuhisa Murakami 0-0: Swinging Strike
0-1: Ball
1-1: Called Strike
1-2: Foul Ball, location: 2F
1-2: Foul Ball, location: 2F
1-2: Foul Ball, location: 2F
1-2: Foul Ball, location: 2F
1-2: Strikes out swinging
Bottom of the 8th over - 0 runs, 0 hits, 0 errors, 0 left on base; Portland 1 - St. Louis 2
TOP OF THE 9TH
Portland Evergreens batting - Pitching for St. Louis Coeur : RHP Marcel Bloemheuvel
Now in LF: Tillmam Cru
Now in CF: Miguel Contreras
Batting: SHB Tetsu Matsumoto 0-0: Ball
1-0: Called Strike
1-1: Foul Ball, location: 2F
1-2: Strikes out looking
Batting: LHB Vicente Gomillion 0-0: Called Strike
0-1: Foul Ball, location: 2F
0-2: SINGLE (Groundball, 4MD, EV 96.9 MPH)
Batting: SHB Yosuke Daisen 0-0: Ball
1-0: Ball
2-0: Foul Ball, location: 2F
2-1: Foul Ball, location: 2F
2-2: Foul Ball, location: 2F
2-2: Ball
3-2: Strikes out swinging
Pitching: LHP James Callendar
Pinch Hitting: RHB Fu-Kang Cuan 0-0: Called Strike
0-1: Ball
1-1: SINGLE (Line Drive, 89S, EV 86.9 MPH)
Vicente Gomillion to second
Runner from 2nd tries for 3rd, SAFE, throw by RF made to third
Pinch Hitting: RHB Karl Blanke 0-0: Foul Ball, location: 2F
0-1: Ball
1-1: Swinging Strike
1-2: Strikes out looking
Top of the 9th over - 0 runs, 2 hits, 0 errors, 2 left on base; Portland 1 - St. Louis 2
Friday, March 26th, 2021 - OOTP Baseball 20.8 Build 74